AoeStats
← SleekDust5880

Arena

509583046Analyzed
1v1 RM · 4d ago on Sep 27, 2026· 70m 9s· 2 players
Game mode
Random Map
Map size
Tiny (2 player)
Population
200
Speed
Normal
Resources
Standard
Victory
Conquest
Starting age
Dark Age
Ending age
Imperial Age
RankedLock teamsTeams togetherTeam positionsShared explorationLock speedFull tech treeHidden civsTurbo modeCheats
Victory
Defeat
🇮🇹 Romans · Italy
609
+15
🇦🇺 Mongols · Australia
595
-15
SleekDust5880
12:16 Feudal Age
10:32 Loom
15:35 Double-Bit Axe
15:35 Horse Collar
19:51 Castle Age
18:07 Man-at-Arms
18:48 Arson
20:33 Heavy Plow
20:48 Bow Saw
21:54 Squires
22:07 Elite Skirmisher
24:33 Crossbowman
26:33 Pikeman
37:36 Husbandry
37:47 Bloodlines
40:12 Imperial Age
38:22 Wheelbarrow
37:38 Town Watch
38:40 Long Swordsman
39:33 Light Cavalry
41:19 Drill
41:23 Conscription
41:42 Hoardings
40:40 Sappers
40:36 Capped Ram
42:00 Thumb Ring
45:21 Hand Cart
45:07 Town Patrol
45:03 Stone Mining
45:03 Gold Mining
46:44 Ballistics
46:21 Murder Holes
50:49 Siege Ram
51:23 Heavy Scorpion
52:31 Cavalier
60:04 Hussar
64:41 Scale Barding Armor
64:36 Scale Mail Armor
64:37 Padded Archer Armor
64:27 Fletching
64:48 Forging
64:14 Onager
69:41 Two-Handed Swordsman
rinocbr93
0:55 Loom
10:26 Feudal Age
18:19 Castle Age
18:07 Double-Bit Axe
18:41 Town Watch
22:52 Wheelbarrow
31:14 Imperial Age
30:56 Hand Cart
30:40 Crossbowman
31:28 Gold Mining
31:31 Stone Mining
32:13 Bow Saw
32:48 Gold Shaft Mining
32:46 Conscription
33:01 Town Patrol
35:10 Onager
36:45 Elite Skirmisher
36:49 Cavalier
37:30 Husbandry
37:41 Bloodlines
36:52 Light Cavalry
38:27 Padded Archer Armor
38:18 Fletching
38:30 Scale Mail Armor
38:30 Man-at-Arms
39:23 Squires
39:55 Long Swordsman
43:32 Onager
45:19 Murder Holes
45:51 Capped Ram
47:10 Ballistas
47:42 Heavy Scorpion
50:46 Sappers
52:01 Siege Ram
53:55 Scale Barding Armor
54:01 Forging
53:38 Pikeman
58:19 Iron Casting
57:59 Chain Mail Armor
58:05 Chain Barding Armor
58:00 Leather Archer Armor
57:57 Masonry
57:58 Fortified Wall
58:44 Bodkin Arrow
58:35 Horse Collar
58:37 Halberdier
59:32 Heavy Plow
65:20 Comitatenses
66:35 Blast Furnace
67:14 Legionary
Connection lost

Rejoining the realm…

Still unreachable

The connection could not be restored.

Session expired

The server has moved on; the page needs a fresh start.